 Dungeon Crawl Stone Soup version 0.20.1-1-g8b1a95d66d (webtiles) character file.

119493 Gargoyl the Corrupter of Planes (level 16, -1/138 HPs)
             Began as a Centaur Abyssal Knight on Dec 26, 2017.
             Was the Champion of Lugonu.
             Shot with an arrow by a satyr (10 damage)
             ... on level 2 of the Shoals on Dec 27, 2017.
             The game lasted 01:27:17 (45092 turns).

Gargoyl the Corrupter of Planes (CeAK)             Turns: 45092, Time: 01:27:18

Health: -1/138     AC: 30    Str: 18    XL:     16   Next: 27%
Magic:  13/17      EV:  1    Int: 11    God:    Lugonu [******]
Gold:   1497       SH: 13    Dex: 15    Spells: 15/15 levels left

rFire    + + .     SeeInvis .   M - +1 hand axe (venom)
rCold    + . .     Gourm    .   d - +3 shield
rNeg     . . .     Faith    .   I - +0 plate armour {rF+}
rPois    .         Spirit   .   B - +0 hat of the Loofah {rC+ Regen+ MP-9}
rElec    .         Reflect  +   u - +0 cloak
rCorr    +         Harm     .   n - +2 pair of gloves
MR       ++...     Clarity  +   L - +2 centaur barding
Stlth    ..........             H - +3 amulet of reflection
Regen    0.8/turn               T - ring of Joyjeria {rCorr Dex+2}
MPRegen  0.2/turn               Q - +2 ring of slaying

@: engulfed (cannot breathe), very quick
A: hooves 3, slimy green scales 2, clarity, deformed body, fire resistance 1,
speed 2, magic resistance 1, tough skin 3
a: Depart the Abyss, Bend Space, Banish, Corrupt, Enter the Abyss, Brand Weapon
With Distortion, Renounce Religion


You were on level 2 of the Shoals.
You worshipped Lugonu.
Lugonu was exalted by your worship.
You were hungry.

You visited 6 branches of the dungeon, and saw 27 of its levels.
You visited the Abyss 1 time.
You also visited: Labyrinth, Bailey and Ice Cave.

You collected 3173 gold pieces.
You spent 1676 gold pieces at shops.

Inventory:

Hand Weapons
 g - a +1 war axe
 p - the +4 trident of Pain and Death {drain, *Rage rPois rC+++ Int-3}
   (You found it on level 2 of the Lair of Beasts)

   A truly terrible weapon, it drains the life of those it strikes.
   It affects your intelligence (-3).
   It renders you almost immune to cold.
   It protects you from poison.
   It may make you go berserk in combat.
 x - a +3 broad axe
 F - the +4 whip "Falul" {venom, rPois}
   (You found it on level 7 of the Dungeon)

   It poisons the flesh of those it strikes.
   It protects you from poison.
 M - a +1 hand axe of venom (weapon)
Missiles
 v - 3 steel tomahawks (quivered)
Armour
 d - a +3 shield (worn)
 n - a +2 pair of gloves (worn)
 u - a +0 cloak (worn)
 B - the +0 hat of the Loofah (worn) {rC+ Regen+ MP-9}
   (You bought it in a shop on level 2 of the Orcish Mines)

   It protects you from cold.
   It affects your magic capacity (-9).
   It increases your rate of regeneration.
 I - a +0 plate armour of fire resistance (worn)
 L - a +2 centaur barding (worn)
Jewellery
 f - an uncursed ring of positive energy
 t - an uncursed ring of see invisible
 D - an uncursed ring of protection from fire
 H - a +3 amulet of reflection (around neck)
 Q - a +2 ring of slaying (right hand)
 T - the ring of Joyjeria (left hand) {rCorr Dex+2}
   (You found it on level 4 of the Lair of Beasts)

   [ring of resist corrosion]

   It affects your dexterity (+2).
Wands
 a - a wand of iceblast (8/15)
 e - a wand of random effects (21/48)
 h - a wand of iceblast (6/15)
 k - a wand of confusion (29/48)
 l - a wand of iceblast (6/15)
 m - a wand of acid (3/15)
 w - a wand of acid (5/15)
 V - a wand of scattershot (4/9)
Scrolls
 j - 4 scrolls of identify
 s - 2 scrolls of recharging
 y - 3 scrolls of fog
 z - a scroll of magic mapping
 A - 5 scrolls of teleportation
 C - 10 scrolls of remove curse
 K - 3 scrolls of amnesia
 N - a scroll of fear
 O - a scroll of blinking
Potions
 b - a potion of brilliance
 r - 2 potions of cancellation
 E - a potion of resistance
 G - 6 potions of curing
 S - 2 potions of agility
Books
 o - a book of Power

   Spells                             Type                      Level
   a - Iskenderun's Battlesphere      Conjuration/Charms           5
   b - Venom Bolt                     Conjuration/Poison           5
   c - Bolt of Magma                  Conjuration/Fire/Earth       5
   d - Iron Shot                      Conjuration/Earth            6
   e - Orb of Destruction             Conjuration                  7
   f - Spellforged Servitor           Conjuration/Summoning        7
Comestibles
 c - 4 bread rations
 i - 15 royal jellies
 q - 16 meat rations


   Skills:
 + Level 11.4 Fighting
 + Level 9.2(11.7) Axes
 + Level 11.6(12.8) Maces & Flails
 + Level 2.2(6.2) Polearms
 + Level 1.8 Throwing
 * Level 13.7 Armour
 + Level 3.2 Dodging
 * Level 14.1 Invocations
 + Level 0.5 Evocations


You had 15 spell levels left.
You didn't know any spells.

Dungeon Overview and Level Annotations

Branches:
Dungeon (15/15)            Temple (0/1) D:5            Lair (6/6) D:10
 Shoals (2/4) Lair:3       Spider (1/4) Lair:3        Slime (0/5) Lair:5
    Orc (2/2) D:12            Elf (1/3) Orc:2        Vaults (0/5) D:14
 Depths (0/5) D:15

Altars:
Ashenzari
Cheibriados
Elyvilon
Hepliaklqana
Makhleb
Nemelex Xobeh
Ru
Trog
Zin
Beogh
Jiyva

Shops:
D:5 !   D:9 =   D:15 [   Orc:1 [*%   Orc:2 }*(:

Annotations:
Abyss:1 Saint Roka


Innate Abilities, Weirdness & Mutations

You have hooves in place of feet.
Armour fits poorly on your strangely shaped body.
You cover ground very quickly.
You have extremely tough skin. (AC +3)
You are mostly covered in slimy green scales. (AC +3)
You possess an exceptional clarity of mind.
Your flesh is heat resistant. (rF+)
You are resistant to hostile enchantments. (MR+)


Message History

You hit the faun.
The faun looks as sick as possible!
You closely miss the satyr. You hit the faun but do no damage.
* * * LOW HITPOINT WARNING * * *
Your lungs strain for air!
The faun shoots a sling bullet.
You reflect the sling bullet off an invisible shield around you!
The sling bullet hits the faun!!
The faun hits you but does no damage.
The satyr shoots an arrow.
The arrow hits you!
* * * LOW HITPOINT WARNING * * *
The faun hits you with an uncursed spear.
* * * LOW HITPOINT WARNING * * *
The water elemental hits you.
Press: ? - help, Shift-Dir - straight line, f - water elemental
Aim: a water elemental (heavily damaged, magic immune)
The water elemental is unaffected.
You feel somewhat more hungry.
* * * LOW HITPOINT WARNING * * *
Your lungs strain for air!
You block the faun's attack. The faun completely misses you.
The satyr shoots an arrow.
The arrow hits you!
You die...

≈≈≈..###..## #.......
≈≈≈≈≈...(....###...#...
≈≈≈≈≈...........(..##..
≈≈≈≈≈≈≈≈≈≈...(.....#...
.≈≈≈≈≈≈≈≈...≈≈.≈.......
..≈≈≈≈≈≈...≈≈≈≈.......
...≈≈≈≈≈(≈≈≈≈≈≈......
###E≈.(≈≈≈≈≈≈≈≈.....
#@c(≈≈≈≈≈.≈≈≈≈≈..≈
#ccc≈≈≈≈≈≈≈≈≈≈≈≈≈.≈
#..(≈≈≈≈≈≈≈≈≈≈≈≈≈≈≈≈
###.(≈≈≈≈≈≈≈≈≈≈≈≈≈≈≈
##.≈≈≈≈≈≈≈≈≈≈≈≈≈≈≈
..≈≈≈≈≈≈≈≈≈≈
..≈≈≈≈≈≈≈≈≈≈
..≈≈≈≈≈≈≈≈≈


You could see a satyr, 3 fauns and a water elemental.

Vanquished Creatures
  2 orc warlords (Orc:2)
  Azrael (Orc:2)
  Josephine (D:15)
  A minotaur (Lab)
  Erolcha (Orc:1)
  The ghost of Peloso the Carver, a journeyman MiFi of Okawaru (Lab)
  A great orb of eyes (D:14)
  Harold (D:12)
  6 hydras
  4 vault guards
  A merfolk avatar (Shoals:1)
  3 catoblepae
  7 centaur warriors
  12 two-headed ogres
  A dancing weapon (Orc:2)
  A deep troll shaman (Lair:6)
  5 death yaks (Lair:6)
  A tengu warrior (D:14)
  A vampire mage (D:14)
  4 orc high priests (Orc:2)
  A fire crab (shapeshifter) (D:14)
  A skeletal warrior (D:15)
  3 unseen horrors
  2 tengu zombies (D:15)
  An orange crystal statue (D:12)
  2 sea snakes (Shoals:1)
  A lindwurm (Lair:6)
  3 orc sorcerers (Orc:2)
  A necromancer (D:15)
  7 orc knights
  3 ugly things
  2 fauns (Shoals:1)
  4 cyclopes
  A wolf spider (D:15)
  3 oklob plants (Lair:2)
  4 deep elf magi
  6 manticores
  16 elephants
  2 merfolk sirens
  2 centaur zombies (D:15)
  5 black mambas
  3 gargoyles
  A torpor snail (Lair:6)
  A yaktaur zombie (D:15)
  7 spiny frogs
  An efreet (D:14)
  4 komodo dragons
  2 rime drakes (Lair:5)
  A kobold demonologist (D:14)
  A demonic crawler (Lair:3)
  3 meliai (D:13)
  10 trolls
  2 jumping spiders
  6 merfolk
  3 polar bears
  3 slime creatures (D:13)
  2 wind drakes (Shoals:1)
  3 blink frogs (Lair:5)
  A hornet (D:7)
  2 snapping turtles (Shoals:1)
  7 hippogriffs
  A deep troll zombie (D:15)
  2 redbacks (Lair:3)
  A spriggan (D:13)
  A vampire (D:11)
  Sigmund (D:2)
  3 shadows
  A tarantella (Spider:1)
  3 wyverns
  A basilisk (Lair:6)
  6 wraiths
  A water elemental (Shoals:1)
  A human (D:13)
  45 yaks
  A fire elemental (Orc:2)
  A steam dragon (D:10)
  2 vampire mosquitoes (D:15)
  3 hungry ghosts
  9 wargs
  Menkaure (D:6)
  4 hell hounds (Orc:2)
  A soldier ant (shapeshifter) (D:15)
  An acid dragon (D:13)
  11 porcupines
  11 water moccasins
  70 orc warriors
  3 sky beasts
  16 ice beasts
  3 black bears
  A phantom (D:10)
  A necrophage (D:13)
  11 wolves
  25 ogres
  The ghost of uvhash the Slasher, an amateur DsAK of Lugonu (D:5)
  9 centaurs
  10 crocodiles
  6 big kobolds
  19 bullfrogs
  2 gnoll sergeants (D:12)
  A wyvern zombie (D:13)
  8 scorpions
  A water moccasin skeleton (D:5)
  A wyvern skeleton (D:6)
  9 killer bees
  3 wights (D:6)
  A vampire bat (D:7)
  2 bullfrog zombies
  2 howler monkeys (D:8)
  6 crimson imps
  A quasit (D:6)
  A jelly (D:10)
  40 orc priests
  5 centaur skeletons
  7 hounds
  14 orc wizards
  2 bullfrog skeletons
  3 iguanas
  6 hell rats
  11 worker ants
  2 killer bee zombies
  A hound zombie (D:6)
  5 hound skeletons
  A howler monkey zombie (D:10)
  2 worker ant zombies
  8 gnolls
  10 adders
  4 shadow imps
  An ooze (D:1)
  An adder skeleton (D:9)
  6 worms
  2 dart slugs
  9 leopard geckos
  150 orcs
  A ball python (D:3)
  12 bats
  9 giant cockroaches
  13 goblins
  12 hobgoblins
  19 jackals
  19 kobolds
  4 quokkas
  2 frilled lizards (D:1)
  3 quokka skeletons
  7 rats
  3 plants
907 creatures vanquished.

Vanquished Creatures (others)
  The ghost of ShornTheSheep the Stickfighter, a journeyman GrBe of Trog (Lair:6)
  The ghost of Toogi the Frost Mage, a journeyman HuIE of Sif Muna (Lair:4)
  A centaur warrior (D:15)
  An alligator snapping turtle (Shoals:1)
  The ghost of Peloso the Shield-Bearer, a novice MiFi (D:6)
  A cyclops (D:15)
  An orc warrior (Bailey)
  4 centaurs
  A crimson imp (D:6)
  An orc priest (Orc:2)
  A jelly (D:14)
  An orc wizard (Orc:2)
  An adder (D:10)
  An orc (Orc:2)
  A kobold (D:12)
  7 fungi
  11 plants
  A withered plant (D:15)
37 creatures vanquished.

Grand Total: 944 creatures vanquished

Notes
Turn   | Place    | Note
-------+----------+-------------------------------------------
     0 | Abyss:1  | Gargoyl the Centaur Abyssal Knight began the quest for the Orb.
     0 | Abyss:1  | Reached XP level 1. HP: 19/19 MP: 2/2
    60 | Abyss:2  | Noticed a small abomination
    74 | Abyss:2  | Noticed a flying skull
    74 | Abyss:2  | Noticed a flying skull
    76 | Abyss:2  | Noticed a flying skull
    77 | D:1      | Escaped the Abyss
   205 | D:1      | You fall through a shaft!
   336 | D:1      | Reached XP level 2. HP: 26/26 MP: 3/3
   630 | D:1      | Reached * piety under Lugonu
   910 | D:2      | Reached XP level 3. HP: 31/31 MP: 4/4
   952 | D:2      | Noticed Sigmund
   965 | D:2      | Killed Sigmund
   965 | D:2      | Reached skill level 1 in Dodging
   965 | D:2      | Reached XP level 4. HP: 15/40 MP: 4/6
   965 | D:2      | Reached XP level 5. HP: 17/46 MP: 4/7
  1692 | D:2      | Reached skill level 3 in Invocations
  2193 | D:2      | Reached ** piety under Lugonu
  2319 | D:3      | Gained mutation: You are partially covered in slimy green scales. (AC +2) [potion of mutation]
  2319 | D:3      | Gained mutation: You are mostly covered in slimy green scales. (AC +3) [potion of mutation]
  2524 | D:3      | Reached XP level 6. HP: 51/53 MP: 8/8
  2564 | D:3      | Noticed a sky beast
  2576 | D:3      | Killed a sky beast
  3597 | D:4      | Reached skill level 4 in Invocations
  3597 | D:4      | Reached XP level 7. HP: 48/60 MP: 8/10
  4232 | D:5      | Entered Level 5 of the Dungeon
  4282 | D:5      | Noticed uvhash's ghost (amateur DsAK)
  4282 | D:5      | Found a staircase to the Ecumenical Temple.
  4566 | D:5      | Found Plog's Distillery.
  4569 | D:5      | Bought a potion of heal wounds for 70 gold pieces
  4569 | D:5      | Bought a potion of heal wounds for 70 gold pieces
  4842 | D:5      | Reached *** piety under Lugonu
  5170 | D:5      | Killed uvhash's ghost
  5171 | D:5      | Reached XP level 8. HP: 59/67 MP: 11/11
  5266 | D:5      | Found a hazy altar of Hepliaklqana.
  5433 | D:5      | Reached skill level 5 in Fighting
  5433 | D:5      | Reached skill level 5 in Axes
  5515 | D:5      | Found a snail-covered altar of Cheibriados.
  5609 | D:5      | Found a hazy altar of Hepliaklqana.
  5615 | D:5      | Found a bloodstained altar of Trog.
  5747 | D:6      | Found a glowing silver altar of Zin.
  5863 | D:6      | Noticed Menkaure
  6032 | D:6      | Killed Menkaure
  6389 | D:6      | Found a burning altar of Makhleb.
  6410 | D:6      | Reached skill level 5 in Armour
  6721 | D:6      | Reached skill level 5 in Invocations
  6823 | D:6      | Found a shattered altar of Ashenzari.
  7154 | D:6      | Noticed Peloso's ghost (novice MiFi)
  7422 | D:6      | Banished Peloso's ghost
  7422 | D:6      | Reached XP level 9. HP: 9/75 MP: 11/13
  7783 | D:6      | Found a sacrificial altar of Ru.
  8461 | D:7      | Found a white marble altar of Elyvilon.
  8854 | D:7      | Reached skill level 6 in Invocations
  8928 | D:7      | Got a slimy whip
  8930 | D:7      | Identified the +4 whip "Falul" {venom, rPois} (You found it on level 7 of the Dungeon)
  9238 | D:8      | Reached skill level 1 in Maces & Flails
  9464 | D:8      | Reached **** piety under Lugonu
  9802 | D:8      | Reached XP level 10. HP: 83/83 MP: 14/14
 10314 | D:9      | Found a sparkling altar of Nemelex Xobeh.
 10399 | D:9      | Reached skill level 7 in Invocations
 10523 | D:9      | Found a roughly hewn altar of Beogh.
 10572 | D:9      | Reached ***** piety under Lugonu
 10886 | D:9      | Noticed a cyclops
 10900 | D:9      | Killed a cyclops
 11190 | D:9      | Found Qiomag's Jewellery Boutique.
 11193 | D:9      | Bought a +3 amulet of reflection for 204 gold pieces
 11338 | D:9      | Noticed a two-headed ogre
 11351 | D:9      | Killed a two-headed ogre
 11390 | D:10     | Entered Level 10 of the Dungeon
 12103 | D:10     | Killed an unseen horror
 12103 | D:10     | Reached skill level 5 in Maces & Flails
 12490 | D:10     | Reached XP level 11. HP: 70/92 MP: 16/16
 12641 | D:10     | Found a staircase to the Lair.
 12674 | D:10     | Reached skill level 8 in Invocations
 13373 | Lair:1   | Entered Level 1 of the Lair of Beasts
 14812 | Lair:2   | Noticed an oklob plant
 14812 | Lair:2   | Noticed an oklob plant
 14812 | Lair:2   | Noticed an oklob plant
 14841 | Lair:2   | Reached skill level 9 in Invocations
 14937 | Lair:2   | Killed an oklob plant
 15208 | Lair:2   | Killed an oklob plant
 15357 | Lair:2   | Killed an oklob plant
 15367 | Lair:2   | Got an ivory trident
 15496 | Lair:2   | Identified the +4 trident of Pain and Death {drain, *Rage rPois rC+++ Int-3} (You found it on level 2 of the Lair of Beasts)
 15997 | Lair:2   | Reached XP level 12. HP: 83/102 MP: 18/18
 16219 | Lair:3   | Found a hole to the Spider Nest.
 16721 | Lair:3   | Found a staircase to the Shoals.
 16880 | Lair:4   | Noticed Toogi's ghost (journeyman HuIE)
 16884 | Lair:4   | Got a faintly glowing marble ring
 16899 | Lair:4   | Found a labyrinth entrance.
 16909 | Lab      | Entered a labyrinth
 16911 | Lab      | Identified the ring of Joyjeria {rCorr Dex+2} (You found it on level 4 of the Lair of Beasts)
 17210 | Lab      | Noticed Peloso's ghost (journeyman MiFi)
 17270 | Lab      | Killed Peloso's ghost
 17909 | Lab      | Noticed a minotaur
 17929 | Lab      | Killed a minotaur
 17945 | Lab      | Got a glittering platinum amulet
 17946 | Lab      | Got a faintly humming helmet
 17957 | Lab      | Identified the +1 helmet "Kessis" {rPois rC- MR- SInv} (You found it in a labyrinth)
 17970 | Lair:4   | Identified the amulet "Kownah" {Spirit *Slow +Fly rN+} (You found it in a labyrinth)
 17980 | Lair:4   | Banished Toogi's ghost
 19159 | Lair:4   | Reached skill level 10 in Invocations
 19242 | Lair:5   | Noticed a four-headed hydra
 19254 | Lair:5   | Killed a four-headed hydra
 19303 | Lair:5   | Reached skill level 1 in Throwing
 19312 | Lair:5   | Noticed a six-headed hydra
 19314 | Lair:5   | Found a viscous altar of Jiyva.
 19323 | Lair:5   | Killed a six-headed hydra
 19430 | Lair:5   | Found a staircase to the Slime Pits.
 19905 | Lair:5   | Reached skill level 10 in Armour
 20041 | Lair:5   | Noticed a four-headed hydra
 20056 | Lair:5   | Killed a four-headed hydra
 20056 | Lair:5   | Reached XP level 13. HP: 83/110 MP: 20/20
 20568 | Lair:6   | Entered Level 6 of the Lair of Beasts
 20883 | Lair:5   | Noticed an azure jelly
 20886 | Lair:5   | Banished an azure jelly
 21319 | Lair:6   | Reached skill level 11 in Invocations
 21537 | Lair:6   | Noticed ShornTheSheep's ghost (journeyman GrBe)
 21584 | Lair:6   | Banished ShornTheSheep's ghost
 24128 | Lair:6   | Reached skill level 10 in Maces & Flails
 25267 | D:11     | Reached XP level 14. HP: 70/118 MP: 22/22
 25502 | D:11     | Reached skill level 12 in Invocations
 25978 | D:11     | Found a frozen archway.
 25997 | IceCv    | Entered an ice cave
 26239 | IceCv    | Gained mutation: You possess an exceptional clarity of mind. [mutagenic meat]
 26240 | IceCv    | Gained mutation: You are resistant to hostile enchantments. (MR+) [mutagenic meat]
 26241 | IceCv    | Gained mutation: Your flesh is heat resistant. (rF+) [mutagenic meat]
 27607 | D:12     | Found a flagged portal.
 27617 | Bailey   | Entered a bailey
 27895 | Bailey   | Reached skill level 1 in Polearms
 28891 | D:12     | Noticed Harold
 28909 | D:12     | Killed Harold
 29214 | D:12     | Reached ****** piety under Lugonu
 29319 | D:12     | Found a staircase to the Orcish Mines.
 30326 | D:13     | Reached skill level 10 in Fighting
 31974 | D:14     | Found a gate to the Vaults.
 32477 | D:14     | Reached XP level 15. HP: 73/127 MP: 24/24
 32879 | D:15     | Entered Level 15 of the Dungeon
 33220 | D:15     | Found Ythrat's Armour Shoppe.
 33312 | D:15     | Found a staircase to the Depths.
 34049 | D:15     | Reached skill level 13 in Invocations
 35494 | D:15     | Noticed Josephine
 35522 | D:15     | Killed Josephine
 36257 | Orc:1    | Entered Level 1 of the Orcish Mines
 36262 | Orc:1    | Found Opeonugu's Assorted Antiques.
 36353 | Orc:1    | Bought a fine iron ring for 135 gold pieces
 36353 | Orc:1    | Bought a shiny plate armour for 702 gold pieces
 36376 | Orc:1    | Identified the cursed ring of Qutz {EV-3 Str+3} (You bought it in a shop on level 1 of the Orcish Mines)
 36969 | Orc:1    | Found Qideinn's Armour Emporium.
 37108 | Orc:1    | Found Fumn's Food Shop.
 37150 | Orc:1    | Noticed Erolcha
 37162 | Orc:1    | Killed Erolcha
 37474 | Orc:2    | Entered Level 2 of the Orcish Mines
 37953 | Orc:2    | Noticed Saint Roka
 39035 | Orc:1    | Banished Saint Roka
 39481 | Orc:2    | Noticed Azrael
 39938 | Orc:2    | Killed Azrael
 40039 | Orc:2    | Found a roughly hewn altar of Beogh.
 40040 | Orc:2    | Noticed an orc warlord
 40072 | Orc:2    | Killed an orc warlord
 40531 | Orc:2    | Found Ceal's Book Emporium.
 40868 | Orc:2    | Found Zysazut's Antique Weapon Shoppe.
 41489 | Orc:2    | Found a staircase to the Elven Halls.
 41569 | Orc:2    | Paralysed by an orc sorcerer for 4 turns
 41857 | Orc:2    | Noticed an orc warlord
 41893 | Orc:2    | Killed an orc warlord
 42323 | Orc:2    | Reached XP level 16. HP: 135/137 MP: 26/26
 42360 | Orc:2    | Found Teamur's Gadget Shoppe.
 42525 | Orc:2    | Found Wifott's Assorted Antiques.
 42563 | Orc:2    | Bought a scorched hat for 270 gold pieces
 42573 | Orc:2    | Identified the +0 hat of the Loofah {rC+ Regen+ MP-9} (You bought it in a shop on level 2 of the Orcish Mines)
 42574 | Orc:2    | Bought a scroll of blinking for 225 gold pieces
 42682 | Orc:2    | Found a roughly hewn altar of Beogh.
 43116 | Elf:1    | Entered Level 1 of the Elven Halls
 43149 | Orc:2    | Reached skill level 14 in Invocations
 43519 | Spider:1 | Entered Level 1 of the Spider Nest
 43851 | Shoals:1 | Entered Level 1 of the Shoals
 45092 | Shoals:2 | Shot with an arrow by a satyr

Skill      XL: |  1  2  3  4  5  6  7  8  9 10 11 12 13 14 15 16 |
---------------+-------------------------------------------------+-----
Axes           | 2 3 4 6 7 8 9 |  9.2
Fighting       | 4 5 6 7 8 9 10 11 | 11.4
Armour         | 2 3 4 5 6 7 8 10 11 12 13 | 13.7
Dodging        | 1 2 3 |  3.2
Invocations    | 3 4 5 6 7 9 10 11 12 13 14 | 14.1
Maces & Flails | 1 5 7 9 10 11 | 11.6
Throwing       | 1 |  1.8
Polearms       | 2 |  2.2
Evocations     | |  0.5

Action                   |  1- 3 |  4- 6 |  7- 9 | 10-12 | 13-15 | 16-18 || total
-------------------------+-------+-------+-------+-------+-------+-------++-------
Melee: Hand axe          |    49 |    17 |       |       |   440 |   306 ||   812
       Kick              |     9 |    36 |   131 |   365 |  1052 |   129 ||  1722
       War axe           |       |   148 |   392 |       |       |       ||   540
       Whip              |       |       |   119 |  1052 |  2131 |    45 ||  3347
       Trident           |       |       |       |       |   146 |       ||   146
       Broad axe         |       |       |       |       |    16 |       ||    16
Throw: Tomahawk          |       |       |       |     5 |    10 |       ||    15
Invok: Depart the Abyss  |     1 |       |       |       |       |       ||     1
       Bend Space        |       |       |     1 |       |     2 |       ||     3
       Banish            |       |       |     2 |     2 |    20 |     3 ||    27
Evoke: Wand              |       |       |     8 |       |     1 |       ||     9
  Use: Potion            |     1 |     1 |     6 |     2 |    12 |     3 ||    25
       Scroll            |       |    17 |     7 |     8 |    13 |     5 ||    50
 Stab: Invisible         |       |       |     1 |       |     7 |       ||     8
       Paralysed         |       |       |     6 |       |       |       ||     6
       Petrified         |       |       |       |       |     8 |       ||     8
       Held in net/web   |       |       |       |       |     1 |       ||     1
  Eat: Chunk             |       |     6 |    10 |    25 |    49 |     4 ||    94
       Bread ration      |       |       |     1 |     1 |     5 |     1 ||     8
       Fruit             |       |       |     3 |       |     8 |       ||    11
       Royal jelly       |       |       |     1 |       |       |       ||     1
Armor: Leather armour    |    32 |     9 |       |       |       |       ||    41
       Chain mail        |       |   121 |   371 |       |       |       ||   492
       Plate armour      |       |       |    61 |   557 |  1683 |   274 ||  2575
Dodge: Dodged            |    16 |    11 |    42 |    23 |    55 |    19 ||   166
Block: Shield            |    25 |    95 |   330 |   534 |  1616 |   246 ||  2846
       Reflection        |       |       |       |     2 |    54 |    12 ||    68
